 Dungeon Crawl Stone Soup version 0.29.1-15-g9cfb28693d (webtiles) character file.

Game seed: 10401836520413506176

128 croobank the Sneak (level 5, 0/60 HPs)
             Began as an Octopode Delver on Apr 21, 2023.
             Was a Plaything of Xom.
             Slain by a scorpion (2 damage)
             ... on level 4 of the Dungeon.
             The game lasted 00:05:07 (3292 turns).

croobank the Sneak (Octopode Delver)                Turns: 3292, Time: 00:05:08

Health: 0/60       AC:  1    Str: 10    XL:     5   Next: 11%
Magic:  5/5        EV: 14    Int: 13    God:    Xom [..*...]
Gold:   89         SH:  0    Dex: 18    Spells: 4/4 levels left

rFire   . . .      SeeInvis .   a - +1 hand axe
rCold   + . .      Faith    .   (no shield)
rNeg    . . .      Spirit   .   (helmet restricted)
rPois   +          Reflect  .   v - amulet of magic regeneration
rElec   .          Harm     .   s - ring of resist corrosion
rCorr   +          Rampage  .   B - ring of poison resistance
Will    .....                   (no ring)
Stlth   ..........              (no ring)
HPRegen 0.20/turn               (no ring)
MPRegen 0.49/turn               (no ring)
                                (no ring)
                                (no ring)

@: berserking, lethally poisoned (0 -> -2), hasted, very quick
A: almost no armour, amphibious, 8 rings, camouflage 1, gelatinous body 1,
(nimble swimmer 1), tentacles, agile 1, cold resistance 1, robust 1, inability
to drink after injury 1
a: Renounce Religion


You were on level 4 of the Dungeon.
You worshipped Xom.
You were a toy of Xom.
You visited 1 branch of the dungeon, and saw 6 of its levels.

You collected 89 gold pieces.

Inventory:

Hand Weapons
 a - a +1 hand axe (weapon)
 g - a +0 falchion
 k - a +0 trident
 m - a +0 dagger
 w - a +0 long sword
 y - a +0 rapier
 A - a +1 dagger of pain
Magical Staves
 t - a staff of fire
Jewellery
 s - a ring of resist corrosion (left tentacle)
 v - an amulet of magic regeneration (around mantle)
 B - a ring of poison resistance (right tentacle)
Wands
 f - a wand of digging (10)
Scrolls
 b - a scroll of fog
 c - a scroll of magic mapping
 d - a scroll of fear
 h - a scroll of silence {unknown}
 j - 3 scrolls of enchant armour
 p - a scroll of butterflies
 u - a scroll of poison
 x - 2 scrolls of identify
 C - a scroll of noise {unknown}
Potions
 i - a potion of mutation
 l - a potion of berserk rage
 n - a potion of attraction {unknown}
 o - a potion of curing {unknown}
 q - 2 potions of lignification {unknown}
 r - a potion of ambrosia {unknown}
 z - 3 potions of brilliance {unknown}


   Skills:
 + Level 3.8 Fighting
 + Level 3.0 Axes
 + Level 3.0 Dodging
 + Level 7.4 Stealth


You had 4 spell levels left.
You didn't know any spells.
Your spell library was empty.

Dungeon Overview and Level Annotations

Branches:
Dungeon (6/15)
 Temple: D:4-7

Altars:
Xom

Shops:
D:1 (   D:2 (

Annotations:
D:3 3 runed translucent doors, Dagodon's ghost, amateur TrAK


Innate Abilities, Weirdness & Mutations

You cannot wear most types of armour.
You are amphibious.
You can wear up to eight rings at the same time.
Your skin changes colour to match your surroundings (Stealth+).
Your rubbery body absorbs attacks. (AC +1, EV +1)
((You are camouflaged when in or above water. (Stealth+)))
You have tentacles for arms and can constrict up to eight enemies at once.
You are agile. (Dex +4, Str/Int -1)
Your flesh is cold resistant. (rC+)
You are robust. (+10% HP)
You occasionally lose the ability to drink potions when taking damage.


Message History

The scorpion is moderately wounded.
You constrict the scorpion, but do no damage.
The scorpion completely misses you. The scorpion stings you.
You hit the scorpion.
You squeeze the scorpion, but do no damage.
The scorpion is moderately wounded.
You constrict the scorpion. The scorpion stings you.
* * * LOW HITPOINT WARNING * * *
You are poisoned.
The scorpion poisons you!
You feel yourself speed up.
You constrict the scorpion.
* * * LOW HITPOINT WARNING * * *
You feel very sick. The scorpion misses you.
You release your grip on the scorpion.
* * * LOW HITPOINT WARNING * * *
You feel sick.
* * * LOW HITPOINT WARNING * * *
You feel sick.
* * * LOW HITPOINT WARNING * * *
You feel sick.
* * * LOW HITPOINT WARNING * * *
You feel sick.
There is a stone staircase leading up here.
It was a potion of mutation.
You feel extremely strange.
You occasionally lose the ability to drink potions when taking damage.
You feel agile.
You feel robust.
You feel resistant to cold.
It was a potion of berserk rage.
A red film seems to cover your vision as you go berserk!
You feel yourself moving faster!
You feel mighty!
Xom thinks this is hilarious!
You feel sick. The scorpion stings you.
* * * LOW HITPOINT WARNING * * *
You are too berserk!
You closely miss the scorpion. You grab the scorpion.
The scorpion is severely wounded.
You constrict the scorpion, but do no damage.
* * * LOW HITPOINT WARNING * * *
You feel sick. The scorpion stings you.
You die...

##### .
###...###
..##.......####
..............#
.......†......#
.......).....#
..........s@.#
............##
...........##
.........###
#.....####
#..... ###^.#


You could see a scorpion.

Vanquished Creatures
  Jessica (D:3)
  4 adders (D:3)
  A worm (D:2)
  3 dart slugs
  3 ball pythons
  4 bats
  10 endoplasms
  A giant cockroach (D:4)
  4 goblins
  2 hobgoblins
  7 jackals
  3 quokkas
  2 frilled lizards
  4 kobolds
  3 rats
52 creatures vanquished.

Notes
Turn   | Place    | Note
-------+----------+-------------------------------------------
     0 | D:5      | croobank the Octopode Delver began the quest for the Orb.
     0 | D:5      | Reached XP level 1. HP: 16/16 MP: 1/1
     8 | D:6      | Noticed a hound
    75 | D:3      | Reached XP level 2. HP: 14/21 MP: 2/2
   486 | D:2      | Reached XP level 3. HP: 26/26 MP: 3/3
   761 | D:1      | Reached skill level 7 in Stealth
  1137 | D:1      | Found Tintemn's Antique Weapon Boutique.
  1488 | D:1      | Found a faded altar of an unknown god.
  1654 | D:1      | Prayed at the altar of an unknown god.
  1654 | D:1      | Became a worshipper of Xom of Unknown Intention
  1733 | D:2      | XOM: divination: detect creatures
  2357 | D:2      | Found Quuff's Weapon Shop.
  2466 | D:2      | Reached XP level 4. HP: 29/31 MP: 4/4
  2672 | D:3      | Noticed Jessica
  2676 | D:3      | Killed Jessica
  3187 | D:3      | Found a runed translucent gate.
  3187 | D:3      | Found a runed translucent gate.
  3187 | D:3      | Found a runed translucent gate.
  3188 | D:3      | Noticed Dagodon's ghost (amateur TrAK)
  3194 | D:3      | Reached XP level 5. HP: 37/37 MP: 5/5
  3272 | D:4      | XOM: divination: detect creatures
  3290 | D:4      | Gained mutation: You occasionally lose the ability to drink
                  | potions when taking damage. [potion of mutation]
  3290 | D:4      | Gained mutation: You are agile. (Dex +4, Str/Int -1)
                  | [potion of mutation]
  3290 | D:4      | Gained mutation: You are robust. (+10% HP) [potion of
                  | mutation]
  3290 | D:4      | Gained mutation: Your flesh is cold resistant. (rC+)
                  | [potion of mutation]
  3291 | D:4      | HP: 3/60 [scorpion (3)]
  3292 | D:4      | Slain by a scorpion

Illustrated notes

Levels and vault maps discovered:
D:1:      lemuel_arrival_cross, layout_loops_cross, serial_shops,
          nicolae_shop_behind_doors, shapermc_ecumenical_altar_mp_vishouse,
          minmay_misc_feat_diagonals
D:2:      layout_basic, serial_shops, nicolae_shop_waterfront
D:3:      layout_basic, gammafunk_ghost_necromancy, kennysheep_jessica_study
D:4:      layout_cave_pods, serial_shops, nicolae_shop_crystal,
          minmay_hedge_maze
D:5:      layout_loops_cross, pdpol_temple_overflow_zin_treasury_gozag_greed,
          gammafunk_temple_overflow_pools, tso_oasis_becter
D:6:      layout_basic, regret_index_temple_of_mockery,
          nicolae_wu_jian_wuxing_cycle, minmay_temple_entry_arrows,
          minmay_increasing_density, uniq_menkaure, uniq_prince_ribbit1,
          uniq_edmund

Skill      XL: |  1  2  3  4  5 |
---------------+----------------+-----
Stealth        | 7 |  7.4
Axes           | 3 |  3.0
Dodging        | 3 |  3.0
Fighting       | |  3.8

Action                   |  1- 3 |  4- 6 || total
-------------------------+-------+-------++-------
Melee: Hand axe          |    55 |    40 ||    95
       Tentacles         |    10 |    14 ||    24
       Constrict         |     9 |    14 ||    23
       Punch             |       |     1 ||     1
  Use: Scroll            |     6 |       ||     6
       Potion            |       |     3 ||     3
 Stab: Sleeping          |    15 |     4 ||    19
       Distracted        |       |     1 ||     1
Armor: Skin              |     1 |     1 ||     2
Dodge: Dodged            |    21 |    29 ||    50
